Map: Lerilak Crest

Players

SticklerMac

  • Race: Zerg Zerg
  • League: Grandmaster

Jeank - Winner!

  • Race: Zerg Zerg
  • League: Grandmaster

VOD

Have the link to the VOD?

Description

Time

  • Played on: Aug. 25, 2015, 6:20 p.m.
  • Length: 17:20
Show
View Real Time Build Order
Export as new Build Order

SticklerMac Zerg 

Build Orders: Hatch First 

Get SALT Encoding   

  12  0:00  Drone  
  13  0:09  Drone  
  14  0:18  Overlord  
  14  0:37  Drone x3  
  17  0:56  Hatchery  
  16  0:58  Drone  
  17  1:08  Drone  
  17  1:09  Drone  
  19  1:20  Drone  
  19  1:25  Spawning Pool  
  19  1:31  Drone  
  20  1:36  Extractor  
  19  1:43  Drone  
  20  1:52  Drone  
  21  2:11  Drone x2  
  23  2:17  Drone  
  23  2:18  Queen  
  23  2:19  Queen  
  23  2:20  Overlord  
  28  2:38  Overlord  
  28  2:39  Zergling x2  
  28  2:40  Zergling x2  
  29  2:53  Zergling x2  
  29  2:54  Zergling x4  
  29  2:57  Metabolic Boost, Zergling x2  
  33  3:02  Zergling x2  
  33  3:04  Baneling Nest  
  33  3:08  Zergling x2  
  34  3:13  Queen x2  
  38  3:22  Zergling x4  
  38  3:24  Zergling x2  
  38  3:26  Zergling x4  
  38  3:27  Zergling x2  
  43  3:39  Overlord  
  43  3:40  Overlord  
  43  3:51  Zergling x2  
  43  3:52  Zergling x4  
  44  3:57  Baneling x6  
  44  3:58  Zergling x2  
  45  4:05  Zergling x2  
  45  4:06  Zergling x4  
  48  4:11  Zergling x2  
  48  4:12  Zergling x2  
  46  4:25  Zergling x2  
  46  4:26  Zergling x6  
  49  4:34  Zergling x6  
  48  4:39  Zergling x2  
  48  4:45  Zergling x2  
  49  4:54  Zergling x4  
  49  4:55  Zergling x4  
  51  5:03  Zergling x6  
  51  5:08  Zergling x2  
  51  5:13  Zergling x2  
  38  5:25  Roach Warren, Drone  
  38  5:26  Drone x3, Extractor  
  38  5:28  Zergling x2  
  41  5:29  Zergling x2  
  42  5:41  Spine Crawler  
  41  5:46  Spine Crawler  
  40  5:54  Zergling x2  
  40  5:55  Zergling x6  
  40  5:56  Zergling x2  
  43  6:09  Zergling x2  
  43  6:10  Zergling x8  
  48  6:14  Roach  
  50  6:21  Roach  
  50  6:25  Roach  
  56  6:33  Roach x2  
  56  6:34  Roach  
  60  7:03  Overlord  
  60  7:04  Overlord x2  
  60  7:18  Overlord x2  
  60  7:19  Overlord  
  60  7:21  Queen  
  62  7:25  Zergling x2  
  62  7:26  Roach  
  62  7:29  Drone  
  66  7:30  Drone  
  66  7:33  Drone  
  68  8:10  Hatchery  
  67  8:29  Roach  
  67  8:30  Roach x6  
  67  8:31  Roach x3  
  87  8:38  Lair  
  87  8:43  Roach  
  87  8:44  Roach  
  91  8:48  Overlord  
  91  9:06  Roach x4  
  91  9:07  Roach  
  91  9:09  Drone  
  102  9:11  Drone  
  103  9:32  Baneling  
  103  9:33  Baneling x8  
  101  9:47  Drone  
  101  9:48  Drone x6  
  101  9:49  Drone x4  
  101  9:50  Drone  
  113  10:05  Extractor  
  113  10:06  Extractor  
  111  10:20  Baneling x7  
  111  10:30  Drone  
  111  10:31  Drone  
  111  10:34  Overlord  
  111  10:35  Overlord x3  
  112  11:02  Roach x11  
  132  11:06  Overseer  
  127  11:13  Roach x2  
  131  11:20  Roach x5  
  131  11:25  Roach x2  
  145  11:34  Baneling  
  145  11:35  Baneling x7  
  145  11:36  Baneling  
  143  12:08  Overseer  
  143  12:12  Roach  
  143  12:14  Overlord x6  
  145  12:17  Overseer  
  131  12:44  Roach  
  131  12:45  Roach x10  
  106  12:52  Roach x2  
  106  12:57  Roach x3  
  71  13:08  Overseer  
  65  13:15  Ravager x5  
  65  13:16  Ravager  
  65  13:19  Roach x4  
  77  13:37  Ravager  
  77  13:38  Ravager  
  79  13:42  Zergling x12  
  79  14:11  Zergling x4  
  79  14:12  Overlord x4  
  75  14:41  Roach  
  75  14:42  Roach x4  
  85  14:47  Spire  
  78  15:59  Mutalisk  
  78  16:00  Mutalisk x9  
  46  16:37  Mutalisk  
  14  16:55  Mutalisk  
Show
View Real Time Build Order
Export as new Build Order

Jeank Zerg - Winner!

Build Orders: Hatch First, Lurkers 

Get SALT Encoding   

  12  0:01  Drone  
  13  0:08  Drone  
  14  0:39  Hatchery, Drone  
  14  1:03  Drone, Spawning Pool  
  14  1:12  Overlord  
  14  1:30  Extractor  
  14  1:31  Drone  
  14  1:32  Drone x2  
  16  1:46  Drone  
  17  1:51  Queen  
  17  1:52  Queen  
  21  1:55  Drone  
  21  2:00  Drone  
  23  2:03  Drone  
  24  2:15  Drone x2  
  26  2:26  Roach Warren  
  25  2:41  Drone x3  
  25  2:42  Overlord  
  28  2:44  Overlord  
  28  2:54  Overlord  
  28  3:03  Queen  
  30  3:06  Lair  
  30  3:14  Spine Crawler  
  30  3:18  Spine Crawler  
  28  3:39  Drone x7  
  34  3:48  Zergling x2  
  34  3:49  Zergling x4  
  35  4:06  Zergling x8  
  35  4:08  Roach x2  
  43  4:13  Spine Crawler  
  38  4:35  Roach x4  
  41  4:41  Roach  
  41  4:47  Roach x2  
  45  4:59  Roach x2  
  43  5:10  Drone x3  
  31  5:23  Drone  
  32  5:32  Glial Reconstitution  
  32  5:40  Drone x2  
  34  5:46  Drone x2  
  36  6:03  Drone x4  
  36  6:04  Drone  
  41  6:13  Queen  
  44  6:18  Drone  
  44  6:20  Drone  
  45  6:28  Drone x3  
  45  6:31  Drone  
  45  6:32  Drone  
  50  6:37  Extractor  
  49  6:40  Drone  
  49  6:41  Drone x2  
  52  6:52  Overlord  
  52  6:58  Pneumatized Carapace  
  52  7:06  Overlord  
  52  7:07  Overlord  
  52  7:10  Queen  
  54  7:16  Hydralisk Den  
  53  7:27  Drone x5  
  53  7:28  Drone x2  
  60  7:31  Extractor  
  60  7:33  Spore Crawler, Extractor  
  57  7:39  Overseer  
  57  7:41  Overseer  
  57  7:53  Drone x4  
  61  7:58  Metabolic Boost  
  61  8:08  Hydralisk x2  
  61  8:09  Hydralisk  
  67  8:14  Hydralisk  
  69  8:23  Lurker Den  
  69  8:32  Hydralisk x2  
  73  8:59  Zergling x4  
  75  9:04  Drone  
  75  9:05  Overlord, Baneling Nest  
  75  9:06  Overlord  
  75  9:07  Overlord  
  75  9:08  Overlord  
  75  9:16  Overlord  
  75  9:21  Drone  
  76  9:50  Lurker x6  
  76  9:52  Zergling x4  
  84  9:53  Zergling x10  
  84  9:55  Centrifical Hooks  
  89  10:16  Overseer  
  89  10:20  Baneling x5  
  89  10:21  Baneling x2  
  89  10:22  Roach x4  
  89  10:23  Zergling x6  
  98  10:53  Hydralisk x6  
  102  11:09  Hydralisk x4  
  107  11:11  Zergling x4  
  109  11:33  Hatchery  
  107  11:53  Lurker  
  107  11:54  Lurker x2  
  108  11:59  Lurker x2  
  108  12:00  Zergling x2  
  108  12:01  Zergling x10  
  115  12:05  Overlord x3  
  116  12:11  Muscular Augments  
  87  12:52  Zergling x2  
  87  12:53  Zergling x18  
  82  13:03  Hydralisk  
  82  13:04  Hydralisk  
  82  13:28  Zergling x6  
  82  13:29  Zergling x6  
  85  13:37  Drone x3  
  85  13:38  Queen  
  90  13:44  Hydralisk x3  
  96  13:54  Extractor  
  95  13:56  Evolution Chamber  
  95  13:59  Evolution Chamber x2, Extractor  
  79  14:18  Zergling x2  
  79  14:19  Zergling x8  
  79  14:21  Hydralisk x2  
  79  14:22  Hydralisk x2  
  92  14:30  Hydralisk  
  92  14:31  Hydralisk  
  96  14:44  Zergling x8  
  100  14:48  Drone x5  
  100  14:49  Drone  
  106  15:01  Infestation Pit  
  106  15:03  Drone  
  106  15:05  Zerg Missile Weapons Level 1, Zerg Ground Armor Level 1  
  106  15:06  Zerg Melee Weapons Level 1  
  106  15:07  Hatchery  
  99  15:56  Hydralisk x7  
  99  15:57  Hydralisk  
  105  16:13  Zergling x8  
  105  16:14  Zergling x22  
  115  16:31  Hydralisk  
  115  16:32  Hydralisk x6  
  117  16:41  Spore Crawler  
  117  16:42  Spore Crawler  
  117  16:43  Spore Crawler  
  117  16:44  Spore Crawler  
  106  16:48  Spore Crawler, Hydralisk x3  
  106  16:49  Spore Crawler  
  106  16:50  Spore Crawler  
  106  16:51  Spore Crawler  
Tags
 
Add a new tag
Caveats
  • Supply blocks, unpowered buildings, or Contaminate may cause inaccurate times.
  • Supply counts are checked every 10 seconds.